 Dungeon Crawl Stone Soup version 0.27-a0-931-g5a74e75d8f (webtiles) character file.

Game seed: 18223148559651495071

8 Alarkh the Insei (level 2, 22/22 HPs)
             Began as a Demonspawn Gladiator on Apr 10, 2021.
             Got out of the dungeon alive.
             The game lasted 00:00:19 (587 turns).

Alarkh the Insei (Demonspawn Gladiator)              Turns: 587, Time: 00:00:19

Health: 22/22      AC:  4    Str: 14    XL:     2   Next: 0%
Magic:  2/2        EV: 12    Int:  9    God:
Gold:   42         SH:  0    Dex: 14    Spells: 1/1 levels left

rFire    . . .     SeeInvis .     - Unarmed
rCold    . . .     Faith    .   (no shield)
rNeg     . . .     Spirit   .   a - +0 leather armour
rPois    .         Reflect  .   b - +0 helmet
rElec    .         Harm     .   (no cloak)
rCorr    .         Rampage  .   (no gloves)
Will     .....                  (no boots)
Stlth    +.........             (no amulet)
HPRegen  0.07/turn              (no ring)
MPRegen  0.08/turn              (no ring)

@: no status effects
A: talons 1
a: no special abilities


You escaped.
You visited 1 branch of the dungeon, and saw 1 of its levels.

You collected 42 gold pieces.

Inventory:

Missiles
 c - 3 throwing nets (quivered)
Armour
 a - a +0 leather armour (worn)
 b - a +0 helmet (worn)
Scrolls
 d - 2 scrolls of identify {unknown}
 f - a scroll of enchant armour {unknown}
 g - a scroll of fog {unknown}
Potions
 e - a potion of invisibility {unknown}
 h - a potion of might {unknown}


   Skills:
 + Level 2.2 Fighting
 - Level 1.7 Throwing
 - Level 2.6 Dodging
 * Level 3.0 Unarmed Combat


You had one spell level left.
You didn't know any spells.
Your spell library was empty.

Dungeon Overview and Level Annotations

Branches:
Dungeon (1/15)

Altars:


Innate Abilities, Weirdness & Mutations

You have sharp toenails.


Message History

No target in view!
No target in view!
No target in view!
No target in view!
No target in view!
No target in view!
A ball python comes into view.
The ball python hisses angrily.
A ball python is nearby!
You closely miss the ball python.
The ball python bites you but does no damage.
The ball python grabs you. The ball python constricts you.
You barely miss the ball python. Your punch misses the ball python.
The ball python bites you but does no damage.
The ball python constricts you.
You barely miss the ball python. The ball python barely misses you.
The ball python constricts you.
You barely miss the ball python. The ball python barely misses you.
The ball python constricts you.
You barely miss the ball python.
The ball python bites you but does no damage.
The ball python constricts you.
You hit the ball python.
The ball python is moderately wounded.
The ball python barely misses you. The ball python constricts you.
The ball python misses you. The ball python constricts you.
You hit the ball python.
You kill the ball python!
You have reached level 2!
Your demonic ancestry asserts itself...
Your toenails lengthen and sharpen.
Unknown command.
You open the door.
There is an open door here.
There is an open door here.
You see here a hobgoblin skeleton.
There is an open door here.
There is a staircase leading out of the dungeon here.
Are you sure you want to leave the Dungeon?
This will make you lose the game!
You have escaped!

#####.# ......#
####..### ........#
.###..#.## .#
#..†..############### .#
##.#.##.............# .#
#.#.##.............# .#
#.# ##......@......#
.####.####.............#
.........#.............#
..###.##.######.8.######
...##.##.# #...#
######### .........#
#.8.# #.......#
##..#.######
#...####.......####
##.#......#
#.>.#..........'...
###...####.#
#...#..........####


There were no monsters in sight!

Vanquished Creatures
  A bat (D:1)
  An endoplasm (D:1)
  2 hobgoblins (D:1)
  3 ball pythons (D:1)
7 creatures vanquished.

Notes
Turn   | Place    | Note
-------+----------+-------------------------------------------
     0 | D:1      | Alarkh the Demonspawn Gladiator began the quest for the
                  | Orb.
     0 | D:1      | Reached XP level 1. HP: 16/16 MP: 1/1
   292 | D:1      | Found a faded altar of an unknown god.
   437 | D:1      | Reached skill level 3 in Unarmed Combat
   473 | D:1      | Gained mutation: You have sharp toenails. [demonic
                  | ancestry]
   473 | D:1      | Reached XP level 2. HP: 18/22 MP: 2/2
   587 | D:$      | Got out of the dungeon alive.

Illustrated notes

Levels and vault maps discovered:
D:1:      lemuel_arrival_hallway, layout_basic, ebering_ecumenical_altar_webs

Skill      XL: |  1 |
---------------+----+-----
Unarmed Combat | 3 |  3.0
Fighting       | |  2.2
Throwing       | |  1.7
Dodging        | |  2.6

Action                   || total
-------------------------++-------
Melee: Unarmed           ||    37
       Punch             ||     1
 Stab: Sleeping          ||     1
Armor: Leather armour    ||    17
Dodge: Dodged            ||    28

Table legend: (Time is in decaauts)
 A = Elapsed time spent in this place.
 B = Non-inter-level travel time spent in this place.
 C = Inter-level travel time spent in this place.
 D = Time resting spent in this place.
 E = Time spent auto-exploring this place.
 F = Levels seen in this place.
 G = Mean time per level.
                   A        B        C        D        E       F      G
               +--------+--------+--------+--------+--------+-----+--------+
         Total |    584 |    471 |    113 |      0 |    413 |   1 |  584.0 |
       Dungeon |    584 |    471 |    113 |      0 |    413 |   1 |  584.0 |
               +--------+--------+--------+--------+--------+-----+--------+

Top non-repeatable levels by time:
     D:1: 584 daAuts
